 Dungeon Crawl Stone Soup version 0.27-a0-1196-g3e9cee4cb2 (webtiles) character file.

Game seed: 7493383442974049689

452 Alter the Cudgeller (level 6, 0/56 HPs)
             Began as a Minotaur Fighter on May 28, 2021.
             Blown up by Pikel (21 damage)
             ... with a mindburst bolt
             ... on level 5 of the Dungeon.
             The game lasted 00:12:28 (4123 turns).

Alter the Cudgeller (Minotaur Fighter)              Turns: 4123, Time: 00:12:29

Health: 0/56       AC:  7    Str: 22    XL:     6   Next: 75%
Magic:  5/5        EV: 12    Int:  5    God:
Gold:   279        SH: 10    Dex: 10    Spells: 5/5 levels left

rFire    . . .     SeeInvis .   a - +1 flail
rCold    . . .     Faith    .   c - +0 kite shield
rNeg     . . .     Spirit   .   b - +0 scale mail
rPois    .         Reflect  .   (helmet restricted)
rElec    .         Harm     .   (no cloak)
rCorr    .         Rampage  .   (no gloves)
Will     .....                  (no boots)
Stlth    ..........             (no amulet)
HPRegen  0.18/turn              l - +4 ring of evasion
MPRegen  0.09/turn              (no ring)

@: no status effects
A: horns 2, retaliatory headbutt
a: no special abilities


You were on level 5 of the Dungeon.
You visited 2 branches of the dungeon, and saw 6 of its levels.

You collected 279 gold pieces.

Inventory:

Hand Weapons
 a - a +1 flail (weapon)
Armour
 b - a +0 scale mail (worn)
 c - a +0 kite shield (worn)
Jewellery
 h - an amulet of the acrobat
 l - a +4 ring of evasion (left hand)
Scrolls
 e - 2 scrolls of amnesia
 f - 2 scrolls of enchant weapon
 g - 2 scrolls of teleportation
Potions
 d - a potion of might
 j - a potion of curing
 m - a potion of lignification


   Skills:
 + Level 5.0 Fighting
 + Level 5.8 Maces & Flails
 + Level 5.2 Armour
 + Level 1.6 Dodging
 + Level 5.0 Shields


You had 5 spell levels left.
You didn't know any spells.
Your spell library contained the following spells:

 Spells                   Type           Power      Damage    Failure   Level
 Magic Dart               Conj           0%         1d3       99%         1
 Searing Ray              Conj           0%         3d3       100%        2
 Dazzling Flash           Conj/Hex       0%         N/A       100%        3
 Fulminant Prism          Conj/Hex       0%         3d6       100%        4
 Iskenderun's Mystic Bla  Conj/Tloc      0%         2d3       100%        4


Dungeon Overview and Level Annotations

Branches:
Dungeon (5/15)             Temple (1/1) D:4

Altars:
Ashenzari
Cheibriados
Dithmenos
Elyvilon
Gozag
Makhleb
Nemelex Xobeh
Ru
Sif Muna
Uskayaw
Vehumet
Yredelemnul
Zin
Lugonu

Annotations:
D:4 exclusion: statue
D:5 Pikel


Innate Abilities, Weirdness & Mutations

You have a pair of horns on your head.
You reflexively headbutt those who attack you in melee.


Message History

The lemure hits you.
You hit the lemure but do no damage.
The lemure is moderately wounded.
The lemure hits you but does no damage.
You hit the lemure.
The lemure is heavily wounded.
The lemure barely misses you. You furiously retaliate!
You headbutt the lemure, but do no damage.
You hit the lemure but do no damage. Your headbutt misses the lemure.
The lemure is heavily wounded.
You block the lemure's attack.
You hit Pikel but do no damage. Your headbutt misses Pikel.
Pikel checks his coin pouch and frowns.
You block Pikel's attack.
You closely miss Pikel.
Pikel cracks his whip.
Pikel closely misses you. You furiously retaliate!
You headbutt Pikel, but do no damage. You barely miss Pikel.
Pikel hits you with a +0 whip of flaming!
Pikel burns you.
You barely miss Pikel. Pikel misses you. You furiously retaliate!
You headbutt Pikel!
Your shield and scale mail prevent you from hitting Pikel.
Pikel is moderately wounded.
You block Pikel's attack.
Pikel zaps a wand.
Your mind is blasted!
You thump Pikel!
Pikel is heavily wounded.
Pikel misses you.
You closely miss Pikel.
Pikel is heavily wounded.
Pikel barely misses you.
You sock Pikel!
Pikel is severely wounded.
Pikel hits you with a +0 whip of flaming.
Pikel burns you.
Pikel zaps a wand.
You barely resist. You hit Pikel. You headbutt Pikel.
Pikel is almost dead.
Pikel zaps a wand.
Your mind is blasted!
You die...

#.# #.# #.# #.# #.#
#.####### #>.......
#.######################
#............@K555......
################5.......
#.####### #.# #.# #.#
#.# #.#


You could see Pikel and 4 lemures.

Vanquished Creatures
  A water moccasin (D:4)
  A black bear (D:4)
  2 orc wizards (D:4)
  An iguana (D:4)
  8 adders
  A dart slug (D:3)
  10 orcs
  6 endoplasms
  2 giant cockroaches
  7 hobgoblins
  10 jackals
  10 quokkas
  6 ball pythons
  A bat (D:1)
  5 frilled lizards
  13 goblins
  7 kobolds
  6 rats (D:1)
97 creatures vanquished.

Notes
Turn   | Place    | Note
-------+----------+-------------------------------------------
     0 | D:1      | Alter the Minotaur Fighter began the quest for the Orb.
     0 | D:1      | Reached XP level 1. HP: 19/19 MP: 0/0
   100 | D:1      | Reached XP level 2. HP: 27/27 MP: 1/1
   493 | D:1      | Reached XP level 3. HP: 33/33 MP: 2/2
   745 | D:1      | Found a faded altar of an unknown god.
  1744 | D:2      | Reached XP level 4. HP: 41/41 MP: 3/3
  1920 | D:3      | Found a burning altar of Makhleb.
  2317 | D:3      | Found a snail-covered altar of Cheibriados.
  2317 | D:3      | Found a shimmering blue altar of Sif Muna.
  2695 | D:3      | Found a sacrificial altar of Ru.
  2720 | D:3      | Found a hide-covered altar of Uskayaw.
  2730 | D:3      | Reached XP level 5. HP: 44/47 MP: 4/4
  2845 | D:3      | Found a white marble altar of Elyvilon.
  2975 | D:4      | Reached skill level 1 in Dodging
  3198 | D:4      | Noticed a black bear
  3209 | D:4      | Killed a black bear
  3210 | D:4      | Reached skill level 5 in Maces & Flails
  3214 | D:4      | Reached XP level 6. HP: 36/53 MP: 5/5
  3243 | D:4      | Found a staircase to the Ecumenical Temple.
  3259 | Temple   | Entered the Ecumenical Temple
  3466 | D:4      | Found a radiant altar of Vehumet.
  3487 | D:4      | Reached skill level 5 in Armour
  3659 | D:4      | Noticed a water moccasin
  3674 | D:4      | Killed a water moccasin
  3675 | D:4      | Reached skill level 5 in Fighting
  3675 | D:4      | Reached skill level 5 in Shields
  4075 | D:5      | Entered Level 5 of the Dungeon
  4101 | D:5      | Noticed Pikel
  4123 | D:5      | Blown up by Pikel

Illustrated notes

Levels and vault maps discovered:
D:1:      amcnicky_arrival_single_pillar, layout_basic,
          ebering_ecumenical_altar_abandoned, chequers_jeans
D:2:      layout_rooms, serial_rivers, chequers_serial_rivers_micro_e,
          chequers_serial_rivers_micro_d, chequers_serial_rivers_large_a,
          chequers_serial_rivers_small_b, hex_intersection
D:3:      layout_basic, elyvilon_altar_3, nicolae_overflow_crystal_walls,
          nicolae_uskayaw_murder_on_the_dancefloor, amcnicky_altar_gilded,
          jmf_multi_god_temple, chequers_serial_rivers_micro_b,
          mrwooster_statue_mirror, grunt_decor_one_mirror
D:4:      layout_basic, vehumet_statue, minmay_temple_entry_drinking_statues
D:5:      layout_basic, uniq_pikel
Temple:   corrupted_temple

Skill      XL: |  1  2  3  4  5  6 |
---------------+-------------------+-----
Armour         | 4 5 |  5.2
Fighting       | 4 5 |  5.0
Maces & Flails | 3 4 5 |  5.8
Shields        | 4 5 |  5.0
Dodging        | 1 |  1.6

Action                   |  1- 3 |  4- 6 || total
-------------------------+-------+-------++-------
Melee: Flail             |   101 |   148 ||   249
       Headbutt          |     5 |    19 ||    24
  Use: Scroll            |     5 |     3 ||     8
       Potion            |       |     4 ||     4
Armor: Scale mail        |    59 |    46 ||   105
Dodge: Dodged            |    39 |    70 ||   109
Block: Kite shield       |    70 |    94 ||   164

Table legend: (Time is in decaauts)
 A = Elapsed time spent in this place.
 B = Non-inter-level travel time spent in this place.
 C = Inter-level travel time spent in this place.
 D = Time resting spent in this place.
 E = Time spent auto-exploring this place.
 F = Levels seen in this place.
 G = Mean time per level.
                   A        B        C        D        E       F      G
               +--------+--------+--------+--------+--------+-----+--------+
         Total |   4243 |   4243 |      0 |    142 |   2444 |   6 |  707.2 |
       Dungeon |   4159 |   4159 |      0 |    142 |   2444 |   5 |  831.8 |
        Temple |     83 |     83 |      0 |      0 |      0 |   1 |   83.0 |
               +--------+--------+--------+--------+--------+-----+--------+

Top non-repeatable levels by time:
     D:1: 1345 daAuts
     D:3: 1114 daAuts
     D:4: 1107 daAuts
     D:2: 538 daAuts
  Temple: 83 daAuts
     D:5: 52 daAuts
